 Dungeon Crawl Stone Soup version 0.19-a0-1899-g2d93087 (webtiles) character file.

1521 Lochraine the Ruffian (level 8, -8/69 HPs)
             Began as a Ghoul Monk on Oct 20, 2016.
             Was a Priest of Kikubaaqudgha.
             Mangled by Joseph
             ... wielding a +0 quarterstaff
              (21 damage)
             ... on level 7 of the Dungeon.
             The game lasted 00:18:46 (5827 turns).

Lochraine the Ruffian (Ghoul Monk)                  Turns: 5827, Time: 00:18:47

Health: -8/69      AC:  3    Str: 15    XL:     8   Next: 84%
Magic:  9/11       EV: 14    Int:  7    God:    Kikubaaqudgha [***...]
Gold:   314        SH:  0    Dex: 11    Spells: 3 memorised, 9 levels left

rFire  . . .     SeeInvis .       - Unarmed
rCold  + . .     Gourm    .     a - +0 robe
rNeg   + + +     Faith    +     (no shield)
rPois  ∞         Spirit   .     (no helmet)
rElec  .         Reflect  .     (no cloak)
rCorr  .         Harm     .     (no gloves)
MR     .....                    A - +0 pair of boots
Stlth  ++........               g - amulet of faith
                                (no ring)
                                (no ring)

@: very slightly contaminated, rotting, hasted, very quick
A: rotting body, claws 1, carnivore 3, cold resistance 1, negative energy
resistance 3, slow regeneration 1, torment resistance, unbreathing
a: Receive Corpses, Renounce Religion


You were on level 7 of the Dungeon.
You worshipped Kikubaaqudgha.
Kikubaaqudgha was most pleased with you.
You were not hungry.

You visited 1 branch of the dungeon, and saw 7 of its levels.

You collected 314 gold pieces.

Inventory:

Hand Weapons
 i - a +1 falchion of flaming
Armour
 a - a +0 robe (worn)
 m - a +0 scale mail
 y - a +2 ring mail of cold resistance
 A - a +0 pair of boots (worn)
Jewellery
 e - an uncursed ring of positive energy {unknown}
 g - an amulet of faith (around neck)
 x - an uncursed ring of flight {unknown}
Wands
 o - a wand of disintegration (2/24)
 u - a wand of lightning (0/15)
Scrolls
 c - 2 scrolls of fog {unknown}
 f - 3 scrolls of identify
 h - a scroll of fear {unknown}
 j - a scroll of teleportation {unknown}
 k - a scroll of recharging {unknown}
 n - a scroll of enchant weapon {unknown}
 p - a scroll of amnesia {unknown}
 r - 5 scrolls of remove curse
 C - a scroll of immolation {unknown}
Potions
 l - a potion of resistance {unknown}
 s - 2 potions of might {unknown}
 t - a potion of flight {unknown}
 w - a potion of degeneration {unknown}
 z - a potion of beneficial mutation {unknown}
Books
 d - Kikubaaqudgha's Tome of Stolen Souls
   (Kikubaaqudgha gifted it to you on level 4 of the Dungeon)

   Spells                             Type                      Level
   a - Animate Skeleton               Necromancy                   1
   b - Pain                           Necromancy                   1
   c - Corpse Rot                     Necromancy                   2
   d - Vampiric Draining              Necromancy                   3
   e - Control Undead                 Necromancy                   4
 v - Kikubaaqudgha's Compendium of Darkness
   (Kikubaaqudgha gifted it to you on level 5 of the Dungeon)

   Spells                             Type                      Level
   a - Animate Dead                   Necromancy                   4
   b - Excruciating Wounds            Charms/Necromancy            5
   c - Cigotuvi's Embrace             Necromancy                   5
   d - Dispel Undead                  Necromancy                   5
   e - Simulacrum                     Ice/Necromancy               6
Comestibles
 b - 3 meat rations
 B - a slice of pizza
 D - 6 chunks of flesh


   Skills:
 + Level 5.4 Fighting
 + Level 4.8 Dodging
 - Level 3.5 Stealth
 * Level 6.5 Unarmed Combat
 - Level 3.2 Spellcasting
 - Level 5.2 Necromancy


You had 9 spell levels left.
You knew the following spells:

 Your Spells              Type           Power        Failure   Level  Hunger
a - Animate Skeleton      Necr           N/A          4%          1    ##.....
b - Pain                  Necr           #...         4%          1    ##.....
c - Corpse Rot            Necr           N/A          8%          2    ###....


Dungeon Overview and Level Annotations

Branches:
Dungeon (7/15)             Temple (0/1) D:5

Altars:
Hepliaklqana
Kikubaaqudgha
Nemelex Xobeh
Ru
Sif Muna
Uskayaw
Vehumet
Xom

Annotations:
D:7 Joseph


Innate Abilities, Weirdness & Mutations

Your body is rotting away.
You thrive on raw meat.
You are immune to poison.
You have sharp fingernails.
You are carnivorous and can eat meat at any time.
Your flesh is cold resistant. (rC+)
You are immune to negative energy. (rN+++)
You regenerate slowly when monsters are visible.
You are immune to unholy pain and torment.
You can survive without breathing.


Message History

Joseph is heavily wounded.
Joseph hits you with an uncursed quarterstaff.
You claw Joseph!
Joseph is severely wounded.
You barely miss Joseph.
Joseph is severely wounded.
Joseph hits you with an uncursed quarterstaff!
You scratch Joseph.
Joseph is severely wounded.
You claw Joseph!
Joseph is almost dead.
Joseph hits you with an uncursed quarterstaff!!
* * * LOW HITPOINT WARNING * * *
You claw Joseph! Your claw misses Joseph.
Joseph is almost dead.
You closely miss Joseph.
Joseph is almost dead.
Joseph hits you with an uncursed quarterstaff!!
You die...
Kikubaaqudgha rasps: "You have failed me!
Welcome... oblivion!"

#...@>....+.........+
#..#..)..##...@.....#
#..#..#..###.......##
#........# ##.....##
####.##### #.# #.#
#@# #@# #(#####.#..
#........#
#######.... . ### ##


You could see Joseph.

Vanquished Creatures
  An ice beast (D:6)
  3 ogres
  2 centaurs (D:6)
  3 bullfrogs (D:6)
  A vampire bat (D:6)
  3 howler monkeys
  2 crimson imps
  A bullfrog zombie (D:5)
  A hound (D:5)
  A jelly (D:5)
  A centaur skeleton (D:4)
  3 orc wizards
  4 worker ants
  A hound skeleton (D:5)
  6 gnolls
  7 adders
  An ooze (D:1)
  2 adder skeletons
  An adder zombie (D:5)
  4 worms
  A leopard gecko (D:1)
  5 orcs
  2 bat skeletons (D:6)
  4 bat zombies (D:6)
  7 giant cockroaches
  5 goblins
  17 hobgoblins
  11 jackals
  4 quokkas
  3 ball pythons
  6 bats
  4 frilled lizards
  6 kobolds
  A quokka skeleton (D:4)
  8 rats
132 creatures vanquished.

Vanquished Creatures (collateral kills)
  A phantom (D:6)
  A gnoll (D:6)
2 creatures vanquished.

Grand Total: 134 creatures vanquished

Notes
Turn   | Place    | Note
-------+----------+-------------------------------------------
     0 | D:1      | Lochraine the Ghoul Monk began the quest for the Orb.
     0 | D:1      | Reached XP level 1. HP: 19/19 MP: 0/0
   137 | D:1      | Reached XP level 2. HP: 21/26 MP: 1/1
   595 | D:1      | Reached XP level 3. HP: 23/31 MP: 2/2
  1181 | D:2      | Reached skill level 4 in Unarmed Combat
  1302 | D:2      | Reached XP level 4. HP: 35/40 MP: 3/3
  1858 | D:3      | Reached XP level 5. HP: 34/46 MP: 4/4
  2048 | D:3      | Reached skill level 5 in Unarmed Combat
  2123 | D:3      | Found a deep blue altar of Sif Muna.
  3008 | D:4      | Found a faded altar of an unknown god.
  3008 | D:4      | Found a faded altar of an unknown god.
  3018 | D:4      | Reached XP level 6. HP: 48/52 MP: 5/5
  3033 | D:4      | Found a faded altar of an unknown god.
  3035 | D:4      | Found a faded altar of an unknown god.
  3036 | D:4      | Found a hazy altar of Hepliaklqana.
  3043 | D:4      | Became a worshipper of Kikubaaqudgha
  3043 | D:4      | Reached * piety under Kikubaaqudgha
  3043 | D:4      | Identified Kikubaaqudgha's Tome of Stolen Souls (Kikubaaqudgha gifted it to you on level 4 of the Dungeon)
  3043 | D:4      | Received a gift from Kikubaaqudgha
  3043 | D:4      | Reached ** piety under Kikubaaqudgha
  3057 | D:4      | Learned a level 1 spell: Animate Skeleton
  3082 | D:4      | Reached skill level 1 in Necromancy
  3261 | D:5      | Entered Level 5 of the Dungeon
  3574 | D:5      | Reached *** piety under Kikubaaqudgha
  3574 | D:5      | Identified Kikubaaqudgha's Compendium of Darkness (Kikubaaqudgha gifted it to you on level 5 of the Dungeon)
  3574 | D:5      | Received a gift from Kikubaaqudgha
  3634 | D:5      | Reached skill level 1 in Spellcasting
  3634 | D:5      | Reached XP level 7. HP: 34/59 MP: 5/7
  3948 | D:5      | Found a staircase to the Ecumenical Temple.
  3948 | D:5      | Found a shimmering altar of Xom.
  4131 | D:5      | Found a hide-covered altar of Uskayaw.
  4560 | D:6      | Found a sacrificial altar of Ru.
  4753 | D:6      | Reached XP level 8. HP: 14/63 MP: 11/11
  5031 | D:6      | Reached skill level 5 in Necromancy
  5034 | D:6      | Learned a level 1 spell: Pain
  5037 | D:6      | Learned a level 2 spell: Corpse Rot
  5048 | D:6      | Found an ancient bone altar of Kikubaaqudgha.
  5357 | D:6      | Reached skill level 6 in Unarmed Combat
  5420 | D:6      | Reached skill level 5 in Fighting
  5727 | D:7      | Found a radiant altar of Vehumet.
  5762 | D:7      | Found a sparkling altar of Nemelex Xobeh.
  5772 | D:7      | Noticed Joseph
  5827 | D:7      | Mangled by Joseph

Vault maps used:
D:1:      mainiacjoe_arrival_reflecting_pool
D:2:      first_bread
D:3:      led_sif_pool
D:4:      kennysheep_little_box, chequers_temple_overflow_minitemple,
          kennysheep_generic_room_9
D:5:      kennysheep_mini_moat, overflow_temple_1_default
D:6:      hangedman_ru_absence, kennysheep_vampire_church
D:7:      nemelex_xobeh_ov_fountains_minmay, old_standard_altar, serial_undead,
          serial_undead_d, serial_undead_b, serial_undead_d, serial_undead_f,
          uniq_joseph

Skill      XL: |  1  2  3  4  5  6  7  8 |
---------------+-------------------------+-----
Dodging        | 3 4 |  4.8
Unarmed Combat | 4 5 6 |  6.5
Stealth        | 3 |  3.5
Fighting       | 4 5 |  5.4
Necromancy     | 3 4 5 |  5.2
Spellcasting   | 1 3 |  3.2

Action                   |  1- 3 |  4- 6 |  7- 9 || total
-------------------------+-------+-------+-------++-------
Melee: Unarmed           |    90 |   237 |   228 ||   555
       Punch             |       |     2 |     6 ||     8
 Cast: Animate Skeleton  |       |       |     7 ||     7
       Pain              |       |       |     5 ||     5
       Corpse Rot        |       |       |     1 ||     1
Invok: Receive Corpses   |       |       |     3 ||     3
Evoke: Wand              |       |       |     2 ||     2
  Use: Potion            |       |     1 |     2 ||     3
       Scroll            |       |     1 |     1 ||     2
 Stab: Sleeping          |     7 |     2 |     5 ||    14
  Eat: Chunk             |     6 |     6 |     9 ||    21
Armor: Robe              |    19 |     3 |    31 ||    53
       Scale mail        |       |    68 |       ||    68
Dodge: Dodged            |    50 |   127 |   146 ||   323
